 Dungeon Crawl Stone Soup version 0.22.1-2-g9c5b331 (webtiles) character file.

90 Heatsaber the Chiller (level 4, -3/21 HPs)
             Began as a Vine Stalker Ice Elementalist on Dec 28, 2018.
             Killed by divine providence
             ... invoked by an orc priest
              (12 damage)
             ... on level 2 of the Dungeon.
             The game lasted 00:12:05 (1613 turns).

Heatsaber the Chiller (VSIE)                        Turns: 1613, Time: 00:12:06

Health: -3/21      AC:  2    Str: 11    XL:     4   Next: 56%
Magic:  0/10       EV: 12    Int: 16    God:
Gold:   39         SH:  5    Dex: 14    Spells: 0/10 levels left

rFire    . . .     SeeInvis .   d - +0 whip
rCold    . . .     Gourm    .   (no shield)
rNeg     . . .     Faith    .   a - +0 robe
rPois    .         Spirit   +   (no helmet)
rElec    .         Reflect  +   (no cloak)
rCorr    .         Harm     .   (no gloves)
MR       .....                  (no boots)
Stlth    ++........             f - +5 amulet of reflection
HPRegen  0.47/turn              (no ring)
MPRegen  0.12/turn              (no ring)

@: no status effects
A: fangs 2, regeneration 1, magic shield, antimagic bite, no potion heal 3, rot
immunity
a: no special abilities


You were on level 2 of the Dungeon.
You were not hungry.

You visited 1 branch of the dungeon, and saw 3 of its levels.

You collected 39 gold pieces.

Inventory:

Hand Weapons
 d - a +0 whip (weapon)
 i - a +0 dagger
Armour
 a - a +0 robe (worn)
 e - a +0 plate armour
 l - a +0 ring mail
Jewellery
 f - a +5 amulet of reflection (around neck)
Scrolls
 h - a scroll of identify {unknown}
Potions
 g - 2 potions of brilliance {unknown}
 j - a potion of berserk rage {unknown}
 k - a potion of flight {unknown}
 m - a potion of cancellation {unknown}
Comestibles
 b - 5 chunks of flesh
 c - 4 rations


   Skills:
 - Level 1.5 Dodging
 - Level 2.4 Stealth
 + Level 3.6 Spellcasting
 - Level 1.0 Conjurations
 + Level 4.2 Ice Magic


You couldn't memorise any spells.
You knew the following spells:

 Your Spells              Type           Power        Failure   Level  Hunger
a - Freeze                Ice            ###.         3%          1    None
b - Throw Frost           Conj/Ice       ##....       9%          2    ##.....
c - Ozocubu's Armour      Chrm/Ice       #.......     22%         3    ###....
d - Throw Icicle          Conj/Ice       ##......     52%         4    ####...

Your spell library contained the following spells:

 Spells                   Type           Power        Failure   Level  Hunger
 Summon Ice Beast         Ice/Summ       #.......     58%         4    ####...


Dungeon Overview and Level Annotations

Branches:
Dungeon (3/15)

Altars:


Innate Abilities, Weirdness & Mutations

You have extremely sharp teeth.
Your natural rate of healing is unusually fast.
When hurt, damage is shared between your health and your magic reserves.
Your bite disrupts and absorbs the magic of your enemies.
Potions cannot restore your health.
You are immune to rotting.


Message History

You see here a rat corpse.
Casting: Freeze (safe; 3% risk of failure)
Confirm with . or Enter, or press ? or * to list all spells.
Aiming: Freeze (safe; 3% risk of failure)
Press: ? - help, Shift-Dir - straight line, f - orc priest
Aim: an orc priest, wielding a war axe You freeze the orc priest.
The orc priest is heavily wounded.
The orc priest hits you with a war axe!
Casting: Freeze (safe; 3% risk of failure)
Confirm with . or Enter, or press ? or * to list all spells.
Aiming: Freeze (safe; 3% risk of failure)
Press: ? - help, Shift-Dir - straight line, f/p - orc priest
Aim: an orc priest, wielding a war axe (heavily wounded)
You freeze the orc priest.
The orc priest is severely wounded.
The orc priest invokes the aid of Beogh against you.
Beogh smites you!
Ouch! That really hurt!
You die...

....(.. ....o..
....... ...+
.......###### ....#
.......?....## ..$.#
.#####.#([...##....#b
...#.......%.....
#######o............
#.....@.............
#.#####.............
####.............
#.............######
#.........รท...#
#.............#
#............##
#............#
#............#


You could see an orc priest.

Vanquished Creatures
  2 orc wizards (D:2)
  An ooze (D:1)
  2 dart slugs
  A leopard gecko (D:1)
  2 orcs (D:2)
  4 bats
  2 giant cockroaches (D:3)
  2 goblins
  A hobgoblin (D:2)
  A jackal (D:1)
  5 frilled lizards
  7 kobolds
  5 rats
35 creatures vanquished.

Notes
Turn   | Place    | Note
-------+----------+-------------------------------------------
     0 | D:1      | Heatsaber the Vine Stalker Ice Elementalist began the quest
                  | for the Orb.
     0 | D:1      | Reached XP level 1. HP: 9/9 MP: 4/4
   239 | D:1      | Reached XP level 2. HP: 10/13 MP: 0/6
   243 | D:1      | Learned a level 2 spell: Throw Frost
   971 | D:2      | Reached XP level 3. HP: 13/16 MP: 1/8
  1290 | D:2      | Reached skill level 4 in Ice Magic
  1290 | D:2      | Gained mutation: Your natural rate of healing is unusually
                  | fast. [Vine Stalker growth]
  1290 | D:2      | Reached XP level 4. HP: 13/21 MP: 1/10
  1373 | D:2      | Learned a level 3 spell: Ozocubu's Armour
  1378 | D:2      | Learned a level 4 spell: Throw Icicle
  1613 | D:2      | Killed from afar by an orc priest

Skill      XL: |  1  2  3 |
---------------+----------+-----
Spellcasting   | 3 |  3.6
Ice Magic      | 4 |  4.2
Dodging        | |  1.5
Stealth        | |  2.4
Conjurations   | |  1.0

Action                   |  1- 3 |  4- 6 || total
-------------------------+-------+-------++-------
Melee: Whip              |    26 |     9 ||    35
       Bite              |     7 |     1 ||     8
 Cast: Freeze            |    22 |     5 ||    27
       Throw Frost       |    11 |     9 ||    20
  Use: Scroll            |     4 |       ||     4
  Eat: Chunk             |     2 |     1 ||     3
Armor: Robe              |     7 |     2 ||     9
Dodge: Dodged            |    25 |     6 ||    31
Block: Other             |     6 |     2 ||     8
